 Dungeon Crawl Stone Soup version 0.31-a0-190-g4feb4907b2 (webtiles) character file.

Game seed: 13106230216099005831

141 qw the Skirmisher (level 5, -14/29 HPs)
             Began as a Deep Elf Hunter on June 23, 2023.
             Demolished by an ogre
             ... wielding a +0 giant club
              (33 damage)
             ... on level 3 of the Dungeon.
             The game lasted 00:00:39 (1783 turns).

qw the Skirmisher (Deep Elf Hunter)                 Turns: 1783, Time: 00:00:40

Health: -14/29     AC:  8    Str: 10    XL:     5   Next: 3%
Magic:  7/7        EV: 11    Int: 14    God:
Gold:   133        SH:  0    Dex: 18    Spells: 4/4 levels left

rFire   . . .        Y - +1 shortbow
rCold   . . .        (shield currently unavailable)
rNeg    . . .        i - +0 ring mail
rPois   +            e - +0 helmet
rElec   .            f - +0 cloak {rPois}
rCorr   .            (no gloves)
SInv    .            d - +0 pair of boots
Will    .....        (no amulet)
Stlth   +            (no ring)
HPRegen 0.24/turn    (no ring)
MPRegen 0.10/turn

%: no passive effects
@: no status effects
A: no striking features
a: no special abilities


You were on level 3 of the Dungeon.
You visited 1 branch of the dungeon, and saw 3 of its levels.

You collected 133 gold pieces.


   Skills:
 - Level 1.5 Fighting
 + Level 8.1 Ranged Weapons
 - Level 1.0 Armour
 - Level 2.4 Dodging
 - Level 1.2 Stealth


You had 4 spell levels left.
You didn't know any spells.
Your spell library was empty.

Inventory:

Hand Weapons
 Y - a +1 shortbow (weapon)
Armour
 d - a +0 pair of boots (worn)
 e - a +0 helmet (worn)
 f - a +0 cloak of poison resistance (worn)
 i - a +0 ring mail (worn)
Jewellery
 h - a ring of wizardry
Scrolls
 c - 3 scrolls of identify
 g - 2 scrolls of summoning {unknown}
 k - a scroll of amnesia {unknown}
 m - a scroll of teleportation {unknown}
Potions
 a - a potion of magic {unknown}
 b - a potion of curing {unknown}
 j - a potion of lignification {unknown}
 l - 3 potions of cancellation
 n - a potion of invisibility {unknown}

Dungeon Overview and Level Annotations

Branches:
Dungeon (3/15)

Altars:
Xom


Message History

Enter note:
Enter note: You shoot an arrow.
The arrow hits the adder!
You kill the adder!
You have reached level 5!
An ogre comes into view. It is wielding a +0 giant club.
Enter note:
Enter note:
Enter note:
Enter note: You shoot an arrow.
The arrow hits the ogre!
The ogre shouts!
The ogre is moderately wounded.
You shoot an arrow. The arrow hits the ogre.
The ogre is moderately wounded.
You shoot an arrow.
The arrow hits the ogre but does no damage.
The ogre is moderately wounded.
You shoot an arrow. The arrow barely misses the ogre.
You shoot an arrow. The arrow hits the ogre!
The ogre is severely wounded.
The ogre barely misses you.
You shoot an arrow. The arrow barely misses the ogre.
The ogre hits you with a +0 giant club!
You shoot an arrow.
The arrow hits the ogre but does no damage.
The ogre is severely wounded.
The ogre closely misses you.
You shoot an arrow. The arrow hits the ogre!
The ogre is almost dead.
You shoot an arrow. The arrow hits the ogre.
The ogre is almost dead.
The ogre misses you.
You shoot an arrow. The arrow hits the ogre.
The ogre is almost dead.
The ogre closely misses you.
You shoot an arrow. The arrow completely misses the ogre.
The ogre hits you with a +0 giant club!!
Ouch! That really hurt!
You die...

%............%..>..[...#
..###........##%......##
..# #........##.......# .(#
#........##.......#########
..#
###########......%........#
### ##.####.........# #.#
#|........# #.# #.........#
#@# #.........#
......O....###########
......$....# ...........#
.........(.# ...........#
...........# ...........#


You could see an ogre.

Vanquished Creatures
  An iguana (D:3)
  Terence (D:3)
  5 adders
  A worm (D:3)
  5 dart slugs
  3 ball pythons
  4 endoplasms
  3 giant cockroaches
  2 goblins
  A hobgoblin (D:3)
  A quokka (D:3)
  3 bats
  6 frilled lizards
  A kobold (D:3)
  3 rats
40 creatures vanquished.

Notes
Turn   | Place    | Note
-------+----------+-------------------------------------------
     0 | D:1      | qw the Deep Elf Hunter began the quest for the Orb.
     0 | D:1      | Reached XP level 1. HP: 12/12 MP: 3/3
     0 | D:1      | 0 ||| qw: Version: 0.3-a-9-g12657ce
     0 | D:1      | 0 ||| qw: Game counter: 4495
     0 | D:1      | 0 ||| qw: Always use a shield: true
     0 | D:1      | 0 ||| qw: God list: Okawaru
     0 | D:1      | 0 ||| qw: Allow faded altars: false
     0 | D:1      | 0 ||| qw: Do Orc after D:15 true
     0 | D:1      | 0 ||| qw: Do second Lair branch before Depths: true
     0 | D:1      | 0 ||| qw: Lair rune preference: random
     0 | D:1      | 0 ||| qw: Plans: Normal
     0 | D:1      | 0 ||| PLANNING D:1-11
   150 | D:1      | Reached XP level 2. HP: 16/16 MP: 4/4
   198 | D:1      | Reached skill level 6 in Ranged Weapons
   465 | D:1      | 465 ||| FLEEEEING.
   595 | D:1      | 595 ||| UPGRADING to +0 pair of boots.
   600 | D:1      | 600 ||| UPGRADING to +0 cloak of poison resistance.
   605 | D:1      | 605 ||| UPGRADING to +0 ring mail.
   615 | D:1      | 615 ||| DROPPING +0 leather armour.
   616 | D:1      | 616 ||| READING scroll labelled OGOCLUM VIMUTH.
   617 | D:1      | 617 ||| READING scroll labelled JAJABO KYUP.
   618 | D:1      | 618 ||| READING scroll labelled ZATRECHONY.
   619 | D:1      | 619 ||| READING scroll labelled USHREU ZEUVODEGG.
   620 | D:1      | 620 ||| READING scroll labelled KOCHAU SIKLIN.
   649 | D:1      | 649 ||| DROPPING scroll of butterflies.
   665 | D:2      | Found a shimmering altar of Xom.
   822 | D:2      | Reached XP level 3. HP: 20/20 MP: 5/5
  1341 | D:2      | 1341 ||| UPGRADING to +0 helmet.
  1346 | D:2      | 1346 ||| READING scroll labelled JURAYLY IBUYK.
  1347 | D:2      | 1347 ||| READING scroll labelled VODAG TEOQUTOPS.
  1348 | D:2      | 1348 ||| DRINKING 4 fuming emerald potions.
  1349 | D:2      | 1349 ||| READING 2 scrolls of identify.
  1349 | D:2      | 1349 ||| IDENTIFYING smoky purple potion
  1393 | D:3      | Reached skill level 7 in Ranged Weapons
  1397 | D:3      | Noticed Terence
  1407 | D:3      | HP: 3/20 [Terence/+2 short sword of speed (3)]
  1408 | D:3      | 1408 ||| DRINKING potion of heal wounds.
  1412 | D:3      | Killed Terence
  1413 | D:3      | Reached XP level 4. HP: 9/25 MP: 6/6
  1653 | D:3      | Reached skill level 8 in Ranged Weapons
  1736 | D:3      | Reached skill level 1 in Armour
  1772 | D:3      | Reached XP level 5. HP: 29/29 MP: 7/7
  1772 | D:3      | Noticed an ogre
  1783 | D:3      | Demolished by an ogre

Levels and vault maps discovered:
D:1:      tekkud_arrival_beachfront_property, layout_basic
D:2:      layout_basic, basic_altar, palyth_stone_intersect
D:3:      layout_basic, minmay_randomly_rotated_circles, uniq_natasha,
          uniq_terence

Skill      XL: |  1  2  3  4 |
---------------+-------------+-----
Ranged Weapons | 6 7 8 |  8.1
Armour         | 1 |  1.0
Fighting       | |  1.5
Dodging        | |  2.4
Stealth        | |  1.2

Action                     |  1- 3 |  4- 6 || total
---------------------------+-------+-------++-------
   Fire: Shortbow          |    63 |    65 ||   128
    Use: Scroll            |     8 |       ||     8
         Potion            |     2 |       ||     2
 Armour: Ring mail         |     3 |     5 ||     8
  Dodge: Dodged            |     9 |    17 ||    26

Table legend:
 A = Non-vault XP
 B = Vault XP
 C = Vault XP percentage of total XP
 D = Non-vault monster count
 E = Vault monster count
 F = Vault count percentage of total count
                 A         B        C        D         E       F
            +---------+---------+-------+---------+---------+-------
      Total |     170 |      32 |  15.8 |      39 |       1 |   2.5
            +---------+---------+-------+---------+---------+-------
        D:1 |      31 |       0 |   0.0 |      15 |       0 |   0.0
        D:2 |      28 |       0 |   0.0 |       9 |       0 |   0.0
        D:3 |     111 |      32 |  22.4 |      15 |       1 |   6.2
            +---------+---------+-------+---------+---------+-------
